 Dungeon Crawl Stone Soup version 0.18-a0-844-g9229740 (webtiles) character file.

142664 cluie the Warrior (level 16, -1/122 HPs)
             Began as a Demonspawn Ice Elementalist on Dec 17, 2015.
             Was an Initiate of Gozag.
             Killed from afar by a thorn hunter (22 damage)
             ... with a volley of thorns
             ... on level 2 of the Swamp on Dec 18, 2015.
             The game lasted 01:16:37 (36452 turns).

cluie the Warrior (Demonspawn Ice Elementalist)    Turns: 36452, Time: 01:16:37

Health: -1/122     AC: 17    Str: 19    XL:     16   Next: 81%
Magic:  0/29       EV: 21    Int: 21    God:    Gozag
Gold:   1118       SH:  4    Dex: 16    Spells: 6 memorised, 16 levels left

rFire  + + .     SeeInvis +     A - +7 lajatang (elec)
rCold  + + .     Gourm    .     O - +3 leather armour {rC+}
rNeg   . . .     Faith    .     (shield currently unavailable)
rPois  +         Spirit   +     P - +2 helmet {rF+}
rElec  +         Dismiss  .     B - +2 cloak {rPois}
rCorr  .         Reflect  .     X - +0 pair of gloves
SustAt +         Harm     .     (boots unavailable)
MR     +....                    F - amulet of guardian spirit
Stlth  +++.......               o - ring of ice
                                I - ring "Atubb" {SustAt rPois rF++ Str+3 SInv}

@: mighty, somewhat resistant to hostile enchantments, fairly stealthy
A: hooves 3, large bone plates 3, blink, frail 1, nightstalker 2, powered by
pain 2, electricity resistance, strong 1
a: Blink, Potion Petition, Call Merchant, Bribe Branch, Renounce Religion


You were on level 2 of the Swamp.
You worshipped Gozag.
Gozag was noncommittal.
You were very full.

You visited 6 branches of the dungeon, and saw 29 of its levels.
You also visited: Ossuary and Volcano.

You collected 12579 gold pieces.
You spent 2557 gold pieces at shops.
You paid 8904 gold pieces to Gozag.

Inventory:

Hand Weapons
 g - a +0 blowgun
 A - a +7 lajatang of electrocution (weapon)
 S - a +0 lajatang
Missiles
 D - 2 throwing nets (quivered)
 V - 8 curare-tipped needles
Armour
 B - a +2 cloak of poison resistance (worn)
 O - a +3 leather armour of cold resistance (worn)
 P - a +2 helmet of fire resistance (worn)
 X - a +0 pair of gloves (worn)
Rods
 N - a +0 rod of clouds (11/11)
   (You found it on level 11 of the Dungeon)
Jewellery
 o - a ring of ice (right hand)
 s - an uncursed ring of stealth
 y - an uncursed ring of wizardry
 F - an amulet of guardian spirit (around neck)
 I - the ring "Atubb" (left hand) {SustAt rPois rF++ Str+3 SInv}
   (You bought it in a shop on level 14 of the Dungeon)

   [ring of sustain attributes]

   It sustains your strength, intelligence and dexterity.
   It affects your strength (+3).
   It greatly protects you from fire.
   It protects you from poison.
   It lets you see invisible.
 M - the ring "Dumud" {rC+ rN+ Str+3}
   (You bought it in a shop on level 8 of the Dungeon)

   [ring of positive energy]

   It affects your strength (+3).
   It protects you from cold.
   It protects you from negative energy.
Wands
 f - a wand of draining (0)
 n - a wand of hasting (5)
 z - a wand of digging (3)
 K - a wand of disintegration (11)
 U - a wand of fire (6)
 W - a wand of digging (15)
Scrolls
 a - a scroll of blinking
 h - 13 scrolls of identify
 m - 8 scrolls of teleportation
 v - 15 scrolls of remove curse
 C - a scroll of fear
 H - 4 scrolls of enchant armour
 R - 6 scrolls of fog
 Y - 5 scrolls of recharging
Potions
 d - 10 potions of curing
 i - a potion of flight
 j - 2 potions of haste
 k - 4 potions of agility
 l - 4 potions of cancellation
 r - 3 potions of resistance
 u - 4 potions of might
 w - 2 potions of ambrosia
 x - 2 potions of berserk rage
 E - a potion of cure mutation
 L - 4 potions of brilliance
 T - 2 potions of invisibility
Books
 b - a book of Frost

   Spells                             Type                      Level
   a - Freeze                         Ice                          1
   b - Throw Frost                    Conjuration/Ice              2
   c - Ozocubu's Armour               Charms/Ice                   3
   d - Throw Icicle                   Conjuration/Ice              4
   e - Summon Ice Beast               Ice/Summoning                4
   f - Condensation Shield            Ice                          4
 e - a book of Dreams

   Spells                             Type                      Level
   a - Ensorcelled Hibernation        Hexes/Ice                    2
   b - Phase Shift                    Translocation                5
   c - Shadow Creatures               Summoning                    5
   d - Silence                        Hexes/Air                    5
   e - Darkness                       Hexes                        6
   f - Mass Confusion                 Hexes                        6
 p - a book of the Earth

   Spells                             Type                      Level
   a - Leda's Liquefaction            Hexes/Earth                  4
   b - Bolt of Magma                  Conjuration/Fire/Earth       5
   c - Statue Form                    Transmutation/Earth          6
   d - Iron Shot                      Conjuration/Earth            6
   e - Shatter                        Earth                        9
 q - a book of Conjurations

   Spells                             Type                      Level
   a - Magic Dart                     Conjuration                  1
   b - Searing Ray                    Conjuration                  2
   c - Dazzling Spray                 Conjuration/Hexes            3
   d - Fulminant Prism                Conjuration/Hexes            4
   e - Iskenderun's Mystic Blast      Conjuration                  4
   f - Iskenderun's Battlesphere      Conjuration/Charms           5
Miscellaneous
 Q - a fan of gales
Comestibles
 c - a bread ration
 t - a royal jelly
 G - 13 meat rations
 J - a slice of pizza
 Z - 9 fruits


   Skills:
 + Level 15.1 Fighting
 + Level 13.5 Staves
 + Level 12.9 Dodging
 - Level 1.7 Stealth
 + Level 9.6 Spellcasting
 + Level 9.7 Conjurations
 - Level 3.4 Summonings
 + Level 10.0 Ice Magic


You had 16 spell levels left.
You knew the following spells:

 Your Spells              Type           Power        Failure   Level  Hunger
a - Freeze                Ice            ####         1%          1    None
b - Ozocubu's Armour      Chrm/Ice       #####...     3%          3    None
c - Summon Ice Beast      Ice/Summ       ######..     6%          4    ##.....
d - Throw Icicle          Conj/Ice       ######..     1%          4    ##.....
e - Throw Frost           Conj/Ice       ######       1%          2    None
f - Condensation Shield   Ice            ######....   1%          4    ##.....


Dungeon Overview and Level Annotations

Branches:
Dungeon (15/15)            Temple (1/1) D:4            Lair (8/8) D:11
  Swamp (2/4) Lair:4       Spider (0/4) Lair:3        Slime (0/6) Lair:7
    Orc (2/2) D:10            Elf (1/3) Orc:2        Vaults (0/5) D:14
 Depths (0/5) D:15

Altars:
Ashenzari
Cheibriados
Dithmenos
Elyvilon
Fedhas
Gozag
Kikubaaqudgha
Makhleb
Nemelex Xobeh
Okawaru
Pakellas
Qazlal
Ru
Sif Muna
Trog
Vehumet
Xom
Yredelemnul
Zin
The Shining One

Shops:
D:5 (   D:6 !   D:8 =*   D:10 =   D:12 ?   D:13 [   D:14 =   Orc:2 !?!(=
Lair:3 [   Lair:8 [   Swamp:2 :

Portals:
Trove: Elf:1 (give 2 scrolls of acquirement)

Annotations:
Swamp:2 exclusion: oklob plant


Innate Abilities, Weirdness & Mutations

You have hooves in place of feet.
You are completely covered in large bone plates (AC +4, SH +4).
You are significantly more attuned to the shadows.
You sometimes gain power by taking damage.
You can translocate small distances at will.
You are frail (-10% HP).
You are resistant to electric shocks.
Your muscles are strong. (Str +2)


Message History

Aim: a thorn hunter (severely damaged)
You feel a surge of power!
The shard of ice misses the thorn hunter.
The thorn hunter fires a volley of thorns at you.
The volley of thorns hits you!
* * * LOW HITPOINT WARNING * * *
You focus on the pain.
You feel very mighty all of a sudden.
Casting: Throw Icicle
Confirm with . or Enter, or press ? or * to list all spells.
Aiming: Throw Icicle
Press: ? - help, Shift-Dir - straight line, f/p - thorn hunter
Aim: a thorn hunter (severely damaged)
You feel a surge of power!
The shard of ice hits the thorn hunter.
The thorn hunter is almost destroyed.
The thorn hunter barely misses you. The thorn hunter completely misses you.
The thorn hunter fires a volley of thorns at you.
The volley of thorns hits you!
You die...
Your body crumbles into a pile of gold. §...≈≈♣♣...≈♣♣♣ ≈≈≈≈.≈≈.≈...... ≈♣≈≈≈≈<♣≈≈≈≈..♣ ♣≈≈♣≈.♣♣♣≈.≈.≈♣ ≈.. ♣♣♣≈♣♣♣ ♣..≈.≈♣ ≈.
P.♣♣ ♣♣.≈.≈♣♣♣♣.♣ P.P ♣.≈..≈≈≈..♣ $ ... ♣.......f.♣♣♣ P.P

♣♣.≈.≈.@≈?≈≈. .♣♣
♣.≈.....♣... ..♣
♣♣♣♣♣.≈.≈[≈♣♣...
.♣♣♣♣♣♣≈♣.≈.♣≈♣.♣≈...
.♣...♣≈.≈≈≈≈≈..≈.....
♣......≈♣.....≈≈≈.≈≈.
.♣♣P♣♣♣♣♣≈§≈≈.♣≈≈≈≈≈.
.♣♣♣♣ ♣.≈≈≈≈.≈≈≈≈≈≈≈
..♣ ♣≈≈.≈≈.≈≈≈≈.≈§


You could see a thorn hunter.

Vanquished Creatures
  Asterion (Elf:1)
  Frances (Swamp:2)
  2 thorn hunters (Swamp:2)
  An orc warlord (Orc:1)
  A stone giant (Orc:2)
  An ettin (Orc:1)
  4 vault guards
  A deep elf death mage (Elf:1)
  A fire dragon (Lair:8)
  Josephine (D:11)
  9 hydras
  Fannar (Lair:3)
  2 ogre magi (Orc:2)
  5 death yaks (Lair:3)
  7 alligators
  A tengu warrior (D:14)
  4 centaur warriors
  A deep elf knight (Elf:1)
  A giant orange brain (D:15)
  2 deep trolls (Orc:2)
  10 hill giants
  A lindwurm (Lair:8)
  An unseen horror (D:14)
  3 deep elf archers (Elf:1)
  Pikel (D:4)
  17 deep elf magi
  3 shambling mangroves (Swamp:2)
  2 orc sorcerers (Orc:1)
  19 ugly things
  3 wolf spiders
  4 griffons
  3 orc knights
  A cyclops (Orc:2)
  A wizard (D:15)
  An oklob plant (Lair:8)
  A hornet (Swamp:2)
  12 black mambas
  A hornet (shapeshifter) (D:15)
  2 manticores (D:14)
  11 elephants
  The ghost of cireshan the Conjurer, a novice DECj of Sif Muna (Ossuary)
  A guardian serpent (Lair:8)
  A spiny frog (shapeshifter) (D:15)
  25 spiny frogs
  2 fire drakes (Lair:8)
  3 kobold demonologists (D:12)
  10 komodo dragons
  2 jumping spiders (Lair:3)
  11 two-headed ogres
  A giant leech (Swamp:1)
  A merfolk (shapeshifter) (D:15)
  A queen bee (shapeshifter) (D:15)
  14 trolls
  17 blink frogs
  8 slime creatures
  2 bog bodies (Swamp:1)
  A spriggan (D:7)
  2 redbacks
  4 basilisks
  4 shadows
  45 yaks
  5 wraiths
  2 centaur simulacra (D:14)
  4 fire elementals (Elf:1)
  A hungry ghost (D:7)
  A vampire (D:14)
  4 wyverns
  15 hippogriffs
  14 swamp worms
  A mottled dragon (Lair:8)
  Grum (D:8)
  3 steam dragons
  22 water moccasins
  4 insubstantial wisps (Swamp:2)
  A soldier ant (D:10)
  10 wolves
  18 porcupines
  3 slaves (D:4)
  2 eyes of draining
  20 ogres
  2 sky beasts
  25 orc warriors
  2 ice beasts
  4 swamp drakes
  14 wasps
  19 centaurs
  4 phantoms
  3 black bears
  9 boggarts
  16 giant frogs
  4 big kobolds
  23 crocodiles
  2 earth elementals (Elf:1)
  A wyvern skeleton (D:14)
  4 scorpions
  A water moccasin zombie (D:5)
  An oklob sapling (Swamp:2)
  11 killer bees
  10 wights
  4 hounds
  2 electric eels
  2 giant frog zombies
  8 crimson imps
  A quasit (D:5)
  17 orc priests
  3 jellies
  22 orc wizards
  5 centaur zombies
  2 giant frog skeletons
  4 hell rats (Lair:5)
  20 iguanas
  4 centaur skeletons
  A gnoll shaman (D:10)
  13 worker ants
  2 big kobold zombies (Ossuary)
  4 sheep (Lair:5)
  7 mummies (Ossuary)
  2 worker ant zombies
  2 hound skeletons
  11 adders
  12 gnolls
  64 river rats
  4 shadow imps
  2 oozes (D:3)
  An adder skeleton (D:8)
  An adder zombie (D:5)
  4 worms
  4 giant geckos
  76 orcs
  10 bats
  4 giant cockroaches
  9 hobgoblins
  22 kobolds
  3 quokkas
  2 ball pythons
  4 giant newts
  2 gnoll zombies (Ossuary)
  11 goblins
  2 hobgoblin zombies (Ossuary)
  4 jackals (D:5)
  A kobold zombie (Ossuary)
  An orc zombie (Ossuary)
  10 rats
975 creatures vanquished.

Vanquished Creatures (collateral kills)
  2 hydras
  An ugly thing (D:14)
  A hornet (Lair:8)
  3 komodo dragons (Lair:2)
  A yak (Lair:8)
  A water moccasin (Lair:8)
  An orc warrior (D:7)
  An ogre (Orc:2)
  A crocodile (Lair:8)
  An iguana (Lair:2)
  A mummy (Ossuary)
  An adder (Lair:8)
15 creatures vanquished.

Vanquished Creatures (others)
  7 dancing weapons
  An unseen horror (D:14)
  An air elemental (Elf:1)
  A water elemental (Elf:1)
  A basilisk (Lair:8)
  A sky beast (D:14)
  A giant newt (D:4)
  33 fungi
  16 plants
  12 toadstools (Lair:6)
74 creatures vanquished.

Grand Total: 1064 creatures vanquished

Notes
Turn   | Place    | Note
--------------------------------------------------------------
     0 | D:1      | cluie the Demonspawn Ice Elementalist began the quest for the Orb.
     0 | D:1      | Reached XP level 1. HP: 13/13 MP: 3/3
   527 | D:1      | Gained mutation: You are partially covered in large bone plates (AC +2, SH +2). [demonic ancestry]
   527 | D:1      | Reached XP level 2. HP: 14/19 MP: 5/5
   556 | D:1      | Reached skill level 3 in Ice Magic
   945 | D:2      | Found a shattered altar of Ashenzari.
   945 | D:2      | Found an oddly glowing altar of Pakellas.
   948 | D:2      | Found a blossoming altar of Fedhas.
   990 | D:2      | Found a white marble altar of Elyvilon.
  1034 | D:2      | Reached XP level 3. HP: 25/25 MP: 6/6
  1312 | D:2      | Reached skill level 1 in Fighting
  1447 | D:2      | Learned a level 3 spell: Ozocubu's Armour
  1622 | D:2      | Found an ancient bone altar of Kikubaaqudgha.
  1872 | D:2      | Found a glowing silver altar of Zin.
  2064 | D:3      | Gained mutation: You have large cloven feet. [demonic ancestry]
  2064 | D:3      | Reached XP level 4. HP: 28/32 MP: 7/7
  2887 | D:3      | Learned a level 4 spell: Summon Ice Beast
  3183 | D:4      | Found a sand-covered staircase.
  3193 | Ossuary  | Entered an ossuary
  3193 | Ossuary  | Noticed cireshan's ghost (novice DECj)
  3201 | Ossuary  | Killed cireshan's ghost
  3201 | Ossuary  | Reached skill level 4 in Ice Magic
  3201 | Ossuary  | Reached XP level 5. HP: 9/40 MP: 10/10
  3201 | Ossuary  | Reached XP level 6. HP: 10/46 MP: 11/11
  3580 | Ossuary  | Gained mutation: You are mostly covered in large bone plates (AC +3, SH +3). [demonic ancestry]
  3580 | Ossuary  | Reached XP level 7. HP: 10/52 MP: 2/12
  3932 | Ossuary  | Learned a level 4 spell: Throw Icicle
  4205 | D:4      | Noticed Pikel
  4245 | D:4      | Killed Pikel
  4245 | D:4      | Reached skill level 5 in Ice Magic
  4245 | D:4      | Gained mutation: You have hoof-like feet. [demonic ancestry]
  4245 | D:4      | Reached XP level 8. HP: 38/60 MP: 1/14
  4267 | D:4      | Found a staircase to the Ecumenical Temple.
  4278 | Temple   | Entered the Ecumenical Temple
  4597 | Temple   | Became a worshipper of Gozag Ym Sagoz the Greedy
  5370 | D:5      | Entered Level 5 of the Dungeon
  5544 | D:5      | Found Antuenen's Antique Weapon Boutique.
  5581 | D:5      | Bought a glowing lajatang for 390 gold pieces
  5583 | D:5      | uh
  5583 | D:5      | game won
  5583 | D:5      | laj of elec
  5583 | D:5      | fuckdamn
  5871 | D:5      | Learned a level 2 spell: Throw Frost
  5874 | D:5      | Learned a level 2 spell: Ensorcelled Hibernation
  6197 | D:5      | Reached skill level 5 in Spellcasting
  6210 | D:5      | Reached skill level 5 in Dodging
  6315 | D:5      | Gained mutation: Your muscles are strong. (Str +2) [potion of beneficial mutation]
  6503 | D:6      | Gained mutation: You sometimes gain a little power by taking damage. [demonic ancestry]
  6503 | D:6      | Reached XP level 9. HP: 67/67 MP: 16/16
  6504 | D:6      | bleh pbp
  6575 | D:6      | Found Siepnute's Distillery.
  6665 | D:6      | Found an opulent altar of Gozag.
  6802 | D:6      | Reached skill level 5 in Fighting
  6802 | D:6      | Reached skill level 6 in Ice Magic
  7484 | D:7      | Found a shadowy altar of Dithmenos.
  7535 | D:7      | Found a basalt altar of Yredelemnul.
  8380 | D:8      | Found Nis Dips's Jewellery Boutique.
  8457 | D:8      | Noticed Grum
  8481 | D:8      | Killed Grum
  8481 | D:8      | Reached skill level 1 in Staves
  8481 | D:8      | Gained mutation: You are completely covered in large bone plates (AC +4, SH +4). [demonic ancestry]
  8481 | D:8      | Reached XP level 10. HP: 33/76 MP: 16/19
  9344 | D:9      | Reached skill level 5 in Conjurations
 10079 | D:8      | Bought a runed leather armour for 44 gold pieces
 10079 | D:8      | Bought a cyan potion for 19 gold pieces
 10079 | D:8      | Bought a clouded steel ring for 110 gold pieces
 10079 | D:8      | Bought a smoky brown potion for 19 gold pieces
 10079 | D:8      | Bought a scroll labeled COIH FUHUSOODETT for 22 gold pieces
 10080 | D:8      | Identified the ring "Dumud" {rC+ rN+ Str+3} (You bought it in a shop on level 8 of the Dungeon)
 10151 | D:10     | Entered Level 10 of the Dungeon
 10153 | D:10     | Reached skill level 7 in Ice Magic
 10198 | D:10     | Found Jona's Jewellery Boutique.
 10284 | D:10     | Found a shattered altar of Ashenzari.
 10365 | D:10     | Found a bloodstained altar of Trog.
 10372 | D:10     | HP: 1/77 [troll (7)]
 10406 | D:10     | Noticed a hill giant
 10415 | D:10     | HP: 1/77 [hill giant/giant club (19)]
 10416 | D:10     | Killed a hill giant
 10827 | D:10     | Found a staircase to the Orcish Mines.
 10918 | D:11     | Noticed a hill giant
 10979 | D:11     | Identified a +0 rod of clouds (11/11) (You found it on level 11 of the Dungeon)
 10986 | D:11     | Found a staircase to the Lair.
 11071 | D:11     | Noticed a purple ugly thing
 11100 | D:11     | Learned a level 4 spell: Condensation Shield
 11121 | D:11     | Killed a purple ugly thing
 11121 | D:11     | Gained mutation: You are slightly more attuned to the shadows. [demonic ancestry]
 11121 | D:11     | Reached XP level 11. HP: 54/84 MP: 18/21
 11154 | D:11     | Noticed Josephine
 11266 | D:11     | Killed a hill giant
 11372 | D:11     | Killed Josephine
 12148 | D:12     | Reached skill level 8 in Ice Magic
 12282 | D:12     | Noticed a hill giant
 12293 | D:12     | Killed a hill giant
 12307 | D:12     | Bought a scroll of amnesia for 45 gold pieces
 12313 | D:12     | Learned a level 4 spell: Condensation Shield
 12482 | D:12     | Noticed a soul eater
 12787 | D:12     | Noticed a five-headed hydra
 12799 | D:12     | Killed a seven-headed hydra
 12799 | D:12     | Reached skill level 5 in Staves
 13350 | D:13     | Gained mutation: You sometimes gain power by taking damage. [demonic ancestry]
 13350 | D:13     | Reached XP level 12. HP: 70/94 MP: 22/24
 13563 | D:13     | Found Miulenk's Armour Shop.
 13568 | D:13     | Bought a +0 pair of gloves for 63 gold pieces
 13720 | D:13     | Noticed a centaur warrior
 13730 | D:13     | Killed a centaur warrior
 13972 | D:14     | Found a gate to the Vaults.
 13972 | D:14     | Noticed a vault guard
 13972 | D:14     | Noticed a vault guard
 13972 | D:14     | Noticed a vault guard
 13973 | D:14     | Noticed a vault guard
 14022 | D:14     | Killed a vault guard
 14104 | D:13     | Noticed a centaur warrior
 14122 | D:13     | Killed a centaur warrior
 14325 | D:13     | Killed a vault guard
 14330 | D:13     | Killed a vault guard
 14522 | D:14     | Reached skill level 9 in Ice Magic
 14544 | D:14     | Killed a vault guard
 14938 | D:14     | Noticed a centaur warrior
 14943 | D:14     | Killed a centaur warrior
 15288 | D:14     | Reached XP level 13. HP: 43/101 MP: 6/26
 15690 | Lair:1   | Entered Level 1 of the Lair of Beasts
 16497 | Lair:1   | Upgraded the game from 0.18-a0-824-g47fe746 to 0.18-a0-844-g9229740
 18533 | Lair:3   | Noticed Fannar
 18563 | Lair:3   | Killed Fannar
 18609 | Lair:3   | Identified a scroll of acquirement
 18666 | Lair:3   | Reached skill level 10 in Dodging
 18982 | Lair:3   | Found a hole to the Spider Nest.
 19457 | Lair:3   | Bought a glowing cloak for 126 gold pieces
 19555 | Lair:4   | Reached skill level 10 in Fighting
 20570 | Lair:4   | Found a staircase to the Swamp.
 21925 | Lair:5   | Gained mutation: You have hooves in place of feet. [demonic ancestry]
 21925 | Lair:5   | Reached XP level 14. HP: 111/111 MP: 27/27
 22366 | Lair:6   | Gained mutation: You are resistant to electric shocks. [potion of mutation]
 22366 | Lair:6   | Gained mutation: You are frail (-10% HP). [potion of mutation]
 22366 | Lair:6   | Gained mutation: You can translocate small distances at will. [potion of mutation]
 22949 | Lair:6   | Reached skill level 11 in Fighting
 23836 | Lair:7   | Found a staircase to the Slime Pits.
 24251 | Lair:7   | Reached skill level 10 in Staves
 24805 | Lair:8   | Entered Level 8 of the Lair of Beasts
 25253 | Lair:8   | Reached skill level 12 in Fighting
 25966 | Lair:8   | HP: 5/104 [hornet (11)]
 26886 | Lair:8   | Reached XP level 15. HP: 15/109 MP: 8/28
 27187 | Lair:8   | Bought a meat ration for 65 gold pieces
 27187 | Lair:8   | Bought a slice of pizza for 19 gold pieces
 27187 | Lair:8   | Bought a bread ration for 65 gold pieces
 27187 | Lair:8   | Bought a bread ration for 65 gold pieces
 27187 | Lair:8   | Bought a meat ration for 65 gold pieces
 27187 | Lair:8   | Bought a meat ration for 65 gold pieces
 27187 | Lair:8   | Bought a bread ration for 65 gold pieces
 27187 | Lair:8   | Bought a meat ration for 65 gold pieces
 27187 | Lair:8   | Bought a bread ration for 65 gold pieces
 27187 | Lair:8   | Bought a meat ration for 65 gold pieces
 27187 | Lair:8   | Bought a bread ration for 65 gold pieces
 27378 | Lair:3   | Bought a dyed leather armour for 56 gold pieces
 27378 | Lair:3   | Bought a dyed leather armour for 56 gold pieces
 28226 | D:14     | Reached skill level 13 in Fighting
 28605 | D:14     | Bought the ring "Atubb" {SustAt rPois rF++ Str+3 SInv} for 623 gold pieces
 28632 | D:15     | Entered Level 15 of the Dungeon
 29326 | D:15     | Found a staircase to the Depths.
 29337 | D:15     | that is not a shock serpent
 29337 | D:15     | ah
 29337 | D:15     | fuck
 29557 | Orc:1    | Entered Level 1 of the Orcish Mines
 29720 | Orc:2    | Entered Level 2 of the Orcish Mines
 29738 | Orc:2    | Found a staircase to the Elven Halls.
 29762 | Orc:2    | Found a dark tunnel.
 29769 | Volcano  | Entered a volcano
 30809 | Orc:2    | Reached skill level 14 in Fighting
 31022 | Orc:2    | Found Jemulin's Jewellery Boutique.
 31024 | Orc:2    | Found Xekk's Antique Weapon Emporium.
 31033 | Orc:2    | Found Yxum's Magic Scroll Shop.
 31034 | Orc:2    | Found Qemidd's Distillery.
 31042 | Orc:2    | Bought 2 scrolls of enchant armour for 210 gold pieces
 31042 | Orc:2    | Bought a scroll of enchant armour for 105 gold pieces
 31504 | Elf:1    | Entered Level 1 of the Elven Halls
 31653 | Orc:2    | Gained mutation: You are significantly more attuned to the shadows. [demonic ancestry]
 31653 | Orc:2    | Reached XP level 16. HP: 69/119 MP: 26/29
 32293 | Elf:1    | Found a portal to a secret trove of treasure.
 32299 | Elf:1    | fuck off
 32732 | Elf:1    | Noticed Asterion
 32753 | Elf:1    | Killed Asterion
 33881 | Elf:1    | HP: 4/120 [deep elf knight/stone arrow (9)]
 33886 | Elf:1    | HP: 5/120 [fire elemental (1)]
 33887 | Elf:1    | HP: 2/120 [fire elemental (2)]
 34573 | Swamp:1  | Entered Level 1 of the Swamp
 35741 | Swamp:2  | Noticed Frances
 35750 | Swamp:2  | Killed Frances
 35750 | Swamp:2  | Reached skill level 15 in Fighting
 36335 | Swamp:2  | Reached skill level 10 in Ice Magic
 36452 | Swamp:2  | Killed from afar by a thorn hunter

Vault maps used:
D:1:      matt_arrival_los_fun
D:2:      zin_statuary, grunt_temple_overflow_open, lemuel_crystal_altar,
          kiku_gazebo_pond_becter
D:4:      temple_hall, nicolae_ossuary_entry_monument, first_bread, uniq_pikel
D:5:      serial_shops, shop
D:6:      serial_shops, shop, nicolae_gozag_seed_capital
D:7:      kennysheep_mini_moat, grunt_dithmenos_smoke, serial_glass,
          glass_columns_b, glass_columns_a, glass_columns_c, glass_columns_a,
          glass_columns_a, glass_columns_a, glass_columns_c, glass_columns_b,
          minmay_strange_pillars, the_bakery, minivault_27,
          kennysheep_cross_bottleneck
D:8:      serial_shops, nicolae_shop_behind_doors, kennysheep_generic_room_12,
          uniq_grum
D:10:     orc_0_dummy, serial_shops, shop, basic_altar, bloody_trog
D:11:     lair_0_dummy, uniq_josephine
D:12:     nicolae_whirlpool, kennysheep_generic_room_9
D:13:     serial_shops, kennysheep_little_box, basic_loot_grate_trap
D:14:     kennysheep_blocky_room, lightli_vaults_fourway_checkpoint,
          serial_bayou_pond_d
D:15:     gammafunk_enter_depths_forms
Temple:   oiseaux_autumnal_temple_12
Lair:1:   minivault_24, beast_lair_carwin_4
Lair:2:   beast_lair_carwin_large_3, cheibrodos_lair_caveside_slide
Lair:3:   spider_nest_entry_funnel_web, uniq_fannar
Lair:4:   nicolae_swamp_entry_splash_gauntlet, bobbens_dragon_lair_wall
Lair:5:   kennysheep_abandoned_house, lemuel_fruit_fields, serial_bayou_shore_b,
          serial_bayou_shore_a
Lair:6:   gammafunk_lair_enchanted_lake, ldierk_geyser, minmay_hedge_maze
Lair:7:   slime_dummy, lemuel_fruit_tree, serial_bayou_shore_b
Lair:8:   guppyfry_lair_end_dragon, hangedman_lair_tendril_chambers
Swamp:1:  evilmike_swamp_ruin_rubble_1
Swamp:2:  nicolae_swamp_phyte_club, hangedman_swamp_blocks, uniq_frances,
          uniq_kirke, uniq_roxanne
Orc:2:    st_orc_open, nicolae_volcano_entry_two_sided
Elf:1:    nicolae_trove_entry_diagonal, minivault_28, uniq_asterion
Ossuary:  ossuary_tomb_3
Volcano:  volcano_pools

Action                   |  1- 3 |  4- 6 |  7- 9 | 10-12 | 13-15 | 16-18 || total
-------------------------+-------+-------+-------+-------+-------+-------++-------
Melee: Unarmed           |    24 |       |       |       |       |       ||    24
       Dagger            |   102 |    94 |    65 |       |       |       ||   261
       Staff             |    22 |   105 |       |       |       |       ||   127
       Whip              |       |       |    68 |       |       |       ||    68
       Lajatang          |       |       |   186 |   604 |  1691 |   436 ||  2917
 Cast: Freeze            |    12 |    30 |    68 |     5 |    14 |     6 ||   135
       Ozocubu's Armour  |       |     2 |     5 |    10 |    19 |     7 ||    43
       Summon Ice Beast  |       |     1 |     2 |     3 |    19 |     1 ||    26
       Throw Icicle      |       |       |       |    46 |    74 |    39 ||   159
       Throw Frost       |       |       |       |     2 |       |     1 ||     3
       Condensation Shie |       |       |       |     5 |     5 |     3 ||    13
Invok: Call Merchant     |       |       |       |     2 |     5 |     1 ||     8
Evoke: Wand              |       |       |       |     1 |    22 |     1 ||    24
       Rod               |       |       |       |     1 |       |       ||     1
       Fan of gales      |       |       |       |       |     2 |     1 ||     3
  Use: Potion            |       |     6 |     1 |     3 |     8 |     2 ||    20
       Scroll            |       |       |    22 |    11 |    13 |     3 ||    49
 Stab: Sleeping          |     6 |       |     7 |     9 |    27 |     9 ||    58
       Distracted        |       |       |     2 |     2 |    19 |     7 ||    30
  Eat: Chunk             |     2 |     4 |     1 |       |       |       ||     7
       Meat ration       |       |     1 |       |       |     1 |       ||     2
       Bread ration      |       |       |     4 |     5 |    10 |     4 ||    23
       Beef jerky        |       |       |       |     2 |     3 |       ||     5
       Royal jelly       |       |       |       |     1 |     3 |       ||     4
       Fruit             |       |       |       |       |     2 |       ||     2
       Pizza             |       |       |       |       |       |     5 ||     5
